 Dungeon Crawl Stone Soup version 0.25.0-1-g7eea58d2a3 (webtiles) character file.

Game seed: 1969848498218118749

4122 gruber the Nimble (level 10, -3/88 HPs)
             Began as a Minotaur Gladiator on June 14, 2020.
             Was a Priest of Okawaru.
             Slain by a death yak (16 damage)
             ... on level 7 of the Dungeon.
             The game lasted 00:11:24 (8797 turns).

gruber the Nimble (Minotaur Gladiator)              Turns: 8797, Time: 00:11:25

Health: -3/88      AC: 17    Str: 23    XL:     10   Next: 6%
Magic:  9/9        EV: 11    Int:  5    God:    Okawaru [***...]
Gold:   458        SH:  0    Dex: 11    Spells: 9/9 levels left

rFire    . . .     SeeInvis .   P - +2 trident (freeze)
rCold    . . .     Gourm    .   (no shield)
rNeg     + . .     Faith    .   E - +0 plate armour {rN+}
rPois    .         Spirit   .   c - +0 hat
rElec    .         Reflect  .   o - +0 cloak
rCorr    .         Harm     .   (no gloves)
MR       .....                  u - +0 pair of boots
Stlth    ..........             G - amulet of magic regeneration
HPRegen  0.24/turn              (no ring)
MPRegen  0.36/turn              (no ring)

@: marked, studying Translocations
A: retaliatory headbutt, horns 2
a: Heroism, Renounce Religion


You were on level 7 of the Dungeon.
You worshipped Okawaru.
Okawaru was most pleased with you.
You were hungry.

You visited 2 branches of the dungeon, and saw 9 of its levels.
You also visited: Sewer.

You collected 458 gold pieces.

Inventory:

Hand Weapons
 a - a +0 quarterstaff
 y - a +0 antimagic trident
 C - a +0 shortbow
 P - a +2 trident of freezing (weapon)
Missiles
 d - 2 throwing nets
 e - 5 datura-tipped darts
 t - 4 curare-tipped darts
 z - 20 poisoned darts (quivered)
 D - 171 arrows
 Q - 7 silver javelins
Armour
 c - a +0 hat (worn)
 o - a +0 cloak (worn)
 u - a +0 pair of boots (worn)
 E - a +0 plate armour of positive energy (worn)
Jewellery
 b - an uncursed ring of fire
 G - an amulet of magic regeneration (around neck)
 H - an uncursed ring of fire
Wands
 B - a wand of paralysis (11)
 F - a wand of iceblast (10)
 N - a wand of clouds (3)
 O - a wand of enslavement (6)
Scrolls
 g - 11 scrolls of identify
 h - 10 scrolls of teleportation {unknown}
 i - 3 scrolls of enchant armour {unknown}
 l - 5 scrolls of blinking {unknown}
 v - 2 scrolls of immolation {unknown}
 w - a scroll of amnesia {unknown}
 x - 5 scrolls of remove curse {unknown}
 A - a scroll of enchant weapon {unknown}
 I - a scroll of fog {unknown}
 J - a scroll of fear {unknown}
 K - 3 scrolls of magic mapping {unknown}
Potions
 j - a potion of degeneration {unknown}
 k - 5 potions of heal wounds {unknown}
 m - 2 potions of invisibility {unknown}
 n - 4 potions of curing {unknown}
 q - 2 potions of haste {unknown}
 r - a potion of flight {unknown}
 s - 3 potions of lignification {unknown}
 L - 4 potions of might {unknown}
 M - a potion of magic {unknown}
Books
 p - a manual of Translocations
Comestibles
 f - 20 rations


   Skills:
 - Level 8.2 Fighting
 - Level 5.4 Staves
 - Level 2.0 Throwing
 * Level 9.3 Armour
 - Level 11.1 Dodging


You had 9 spell levels left.
You didn't know any spells.
Your spell library was empty.

Dungeon Overview and Level Annotations

Branches:
Dungeon (8/15)             Temple (1/1) D:4           Sewer (visited)
   Lair: D:8-11

Altars:
Ashenzari
Cheibriados
Dithmenos
Fedhas
Nemelex Xobeh
Okawaru
Qazlal
Ru
Sif Muna
Trog
Uskayaw
Vehumet
Wu Jian
Xom
Yredelemnul
Zin
The Shining One
Beogh

Annotations:
D:7 3 runed translucent doors, Canard's ghost, novice OpBe


Innate Abilities, Weirdness & Mutations

You reflexively headbutt those who attack you in melee.
You have a pair of horns on your head.


Message History

The death yak is almost dead.
The death yak gores you!!
* * * LOW HITPOINT WARNING * * *
You hit the death yak but do no damage.
The death yak is almost dead.
The death yak gores you!
* * * LOW HITPOINT WARNING * * *
You hit the death yak but do no damage.
The death yak is almost dead.
The death yak gores you but does no damage.
Your plate armour prevents you from hitting the death yak.
You headbutt the death yak.
The death yak is almost dead.
The death yak gores you.
* * * LOW HITPOINT WARNING * * *
You hit the death yak but do no damage.
The death yak is almost dead.
The death yak snorts and paws the ground.
The death yak gores you!
You die...

....# #......# )...#
#......# ....# ######.)....#
##### #.....[...### ...#
#.....[...# ...###########
#.........# ...##...PPP..##
#.........#
#'###..PP.....####.........#
....#.PP_PP.#>.Y@...#'######
......PPP.P.........'......#
.......PPPP.........#......#
....................#......#
........#...........#......#
....................#......#
..........).........########
'#########..............#
..# #..............#


You could see a death yak.

Vanquished Creatures
  A troll (D:6)
  Grinder (D:5)
  A hornet (D:7)
  A hippogriff (D:7)
  Sigmund (D:2)
  2 sky beasts (D:5)
  2 eyes of draining (D:3)
  An orc warrior (D:6)
  A black bear (D:6)
  A hornet zombie (D:7)
  A necrophage (D:6)
  3 ogres
  3 phantoms
  3 centaurs
  3 bullfrogs
  2 scorpions (D:6)
  9 wights (D:7)
  2 howler monkeys (D:6)
  3 crimson imps
  2 centaur zombies
  A jelly (D:6)
  A bullfrog skeleton (D:7)
  3 orc wizards
  Jessica (D:2)
  Terence (D:2)
  3 iguanas
  5 worker ants
  A worker ant zombie (D:7)
  Robin (D:2)
  14 adders
  8 gnolls
  4 river rats (Sewer)
  A shadow imp (D:6)
  An ooze (D:2)
  5 worms (D:6)
  A dart slug (D:2)
  4 leopard geckos
  19 orcs
  4 bats
  4 giant cockroaches
  11 goblins
  8 hobgoblins
  3 jackals (D:3)
  3 kobolds
  3 quokkas
  11 ball pythons
  A ball python skeleton (D:6)
  6 frilled lizards
  A jackal zombie (D:6)
  A quokka skeleton (D:6)
  29 rats
202 creatures vanquished.

Notes
Turn   | Place    | Note
-------+----------+-------------------------------------------
     0 | D:1      | gruber the Minotaur Gladiator began the quest for the Orb.
     0 | D:1      | Reached XP level 1. HP: 18/18 MP: 0/0
   952 | D:2      | Reached XP level 2. HP: 7/25 MP: 1/1
  1200 | D:2      | Noticed Jessica
  1207 | D:2      | Killed Jessica
  1207 | D:2      | Reached skill level 5 in Staves
  1207 | D:2      | Reached XP level 3. HP: 22/30 MP: 2/2
  1524 | D:2      | Reached skill level 1 in Armour
  1583 | D:2      | Found a shattered altar of Ashenzari.
  1614 | D:2      | Identified the cursed +0 helmet of Qoibue {Harm *Drain rF++
                  | Int+2}
  1614 | D:2      | Noticed Robin
  1643 | D:2      | Reached XP level 4. HP: 24/37 MP: 3/3
  1650 | D:2      | Killed Robin
  1817 | D:2      | Found a shimmering altar of Xom.
  1817 | D:2      | Found a sparkling altar of Nemelex Xobeh.
  1869 | D:2      | Noticed Sigmund
  1900 | D:2      | Killed Sigmund
  1900 | D:2      | Reached skill level 5 in Armour
  1900 | D:2      | Reached XP level 5. HP: 18/42 MP: 4/4
  2341 | D:2      | Found a glowing silver altar of Zin.
  2490 | D:2      | Noticed Terence
  2496 | D:2      | Killed Terence
  2601 | D:3      | Reached XP level 6. HP: 50/50 MP: 5/5
  3050 | D:3      | Found a bloodstained altar of Trog.
  3067 | D:3      | Reached XP level 7. HP: 49/56 MP: 0/6
  3272 | D:3      | Found a glowing golden altar of the Shining One.
  3852 | D:4      | Found a staircase to the Ecumenical Temple.
  3876 | Temple   | Entered the Ecumenical Temple
  3903 | Temple   | Became a worshipper of Warmaster Okawaru
  4522 | D:4      | Found a shadowy altar of Dithmenos.
  4651 | D:5      | Entered Level 5 of the Dungeon
  4651 | D:5      | Noticed Grinder
  4819 | D:5      | Reached skill level 5 in Fighting
  4819 | D:5      | Reached XP level 8. HP: 43/68 MP: 7/7
  4902 | D:5      | Killed Grinder
  5337 | D:5      | Reached * piety under Okawaru
  5827 | D:6      | Reached skill level 4 in Dodging
  5885 | D:6      | Reached skill level 5 in Dodging
  5949 | D:6      | Got a bloodstained dagger
  6000 | D:6      | Reached skill level 6 in Dodging
  6029 | D:6      | Reached ** piety under Okawaru
  6029 | D:6      | Reached XP level 9. HP: 42/81 MP: 8/8
  6122 | D:6      | Found a glowing drain.
  6131 | Sewer    | Entered a sewer
  6203 | Sewer    | Reached skill level 7 in Dodging
  6922 | D:6      | Reached skill level 8 in Dodging
  6933 | D:6      | Noticed a troll
  6943 | D:6      | Killed a troll
  6998 | D:6      | Reached skill level 9 in Dodging
  7454 | D:6      | Identified the +4 dagger of Kibint {vorpal, +Rage rC+ Str-3
                  | Int+5} (You found it on level 6 of the Dungeon)
  7745 | D:7      | Found a blossoming altar of Fedhas.
  7747 | D:7      | Reached skill level 10 in Dodging
  7868 | D:7      | Reached *** piety under Okawaru
  7949 | D:7      | Found a runed translucent gate.
  7950 | D:7      | Identified the +1 chain mail of Duzaoxai {rC+ rCorr}
  7950 | D:7      | Found a runed translucent gate.
  7950 | D:7      | Noticed Canard's ghost (novice OpBe)
  7951 | D:7      | Found a runed translucent gate.
  8115 | D:7      | Received a gift from Okawaru
  8390 | D:7      | Reached skill level 11 in Dodging
  8390 | D:7      | Reached XP level 10. HP: 72/88 MP: 9/9
  8553 | D:7      | Found a shimmering blue altar of Sif Muna.
  8572 | D:7      | Found a sacrificial altar of Ru.
  8728 | D:7      | Found a roughly hewn altar of Beogh.
  8770 | D:8      | Noticed a death yak
  8778 | D:8      | Noticed a death yak
  8797 | D:7      | Slain by a death yak

Illustrated notes

Levels and vault maps discovered:
D:1:      dpeg_arrival_water_fire, layout_basic
D:2:      layout_basic, zin_scriptorium, evilmike_ruin_ashenzari,
          gammafunk_temple_overflow_wave, first_ration, uniq_robin,
          uniq_sigmund, uniq_terence, uniq_jessica
D:3:      layout_basic, nicolae_tso_carved_into_rock, st_stairs_13,
          trog_eyes_of_draining
D:4:      layout_gridville, marbit_many_paths,
          minmay_temple_entry_gardened_gates
D:5:      layout_rooms, minmay_manual_mess, uniq_grinder
D:6:      minmay_recursive_quarters, layout_basic, lightli_sewer_entry_pipes
D:7:      layout_gridville, kennysheep_little_box, kennysheep_mini_moat,
          biasface_ghost_orc_armoury, fedhas_bush_and_centaur_altar
D:8:      layout_rooms, overflow_temple_1_default, elyvilon_altar_3,
          old_standard_altar, nicolae_overflow_hidden_temple,
          overflow_temple_1_default, dpeg_lair_monsters
Temple:   chequers_temple_sunken

Skill      XL: |  1  2  3  4  5  6  7  8  9 |
---------------+----------------------------+-----
Staves         | 4 5 |  5.4
Armour         | 2 5 6 7 9 |  9.3
Fighting       | 5 8 |  8.2
Dodging        | 6 11 | 11.1
Throwing       | |  2.0

Action                   |  1- 3 |  4- 6 |  7- 9 | 10-12 || total
-------------------------+-------+-------+-------+-------++-------
Melee: Quarterstaff      |    59 |    84 |   390 |       ||   533
       Headbutt          |     6 |    15 |    76 |     7 ||   104
       Dagger            |       |       |    17 |       ||    17
       Trident           |       |       |    12 |    37 ||    49
 Fire: Shortbow          |       |       |     6 |       ||     6
Throw: Throwing net      |       |     1 |       |       ||     1
       Dart              |       |       |    16 |       ||    16
Invok: Heroism           |       |       |     2 |       ||     2
  Use: Scroll            |       |       |     1 |       ||     1
  Eat: Chunk             |     2 |     5 |    16 |     2 ||    25
Armor: Leather armour    |     3 |       |       |       ||     3
       Plate armour      |    44 |    48 |   268 |    20 ||   380
Dodge: Dodged            |    19 |    26 |   233 |    11 ||   289
